 Dungeon Crawl Stone Soup version 0.28-a0-895-g6e5f11bd55 (webtiles) character file.

Game seed: 15934238508649595752

2554 Anon1729 the Chiller (level 9, -2/55 (57) HPs)
             Began as a Demonspawn Ice Elementalist on Nov 22, 2021.
             Slain by a wight (8 damage)
             ... on level 6 of the Dungeon.
             The game lasted 00:13:40 (9058 turns).

Anon1729 the Chiller (Demonspawn Ice Elementalist)  Turns: 9058, Time: 00:13:41

HP:   -2/55 (57)    AC:  4    Str:  8    XL:     9   Next: 31%
MP:   15/16         EV: 16    Int: 20    God:
Gold: 230           SH:  5    Dex: 14    Spells: 11/18 levels left

rFire   + . .      SeeInvis +   k - +2 dagger (venom)
rCold   . . .      Faith    .   e - +0 buckler
rNeg    + . .      Spirit   .   a - +0 robe
rPois   .          Reflect  .   (helmet restricted)
rElec   .          Harm     .   s - +0 cloak
rCorr   .          Rampage  .   h - +0 pair of gloves
Will    .....                   (no boots)
Stlth   +++.......              v - amulet of the acrobat
HPRegen 0.18/turn               t - ring of positive energy
MPRegen 0.15/turn               (no ring)

@: lightly drained
A: antennae 1, repulsion field 1, foul stench 2, demonic magic 2, see invisible,
fire resistance 1
a: no special abilities


You were on level 6 of the Dungeon.
You visited 1 branch of the dungeon, and saw 6 of its levels.
You also visited: Sewer.

You collected 230 gold pieces.

Inventory:

Hand Weapons
 d - a +0 dagger
 k - a +2 dagger of venom (weapon)
Armour
 a - a +0 robe (worn)
 e - a +0 buckler (worn)
 h - a +0 pair of gloves (worn)
 s - a +0 cloak (worn)
Jewellery
 g - an amulet of regeneration
 t - a ring of positive energy (left hand)
 v - an amulet of the acrobat (around neck)
Scrolls
 b - a scroll of amnesia {unknown}
 f - 2 scrolls of noise
 i - 3 scrolls of enchant armour
 l - a scroll of fear
 m - 2 scrolls of acquirement {unknown}
 n - a scroll of vulnerability {unknown}
 p - 4 scrolls of teleportation
 x - a scroll of identify
Potions
 c - 2 potions of lignification {unknown}
 j - 4 potions of curing
 o - 4 potions of heal wounds
 q - 2 potions of resistance
 r - 3 potions of might
 u - 2 potions of flight {unknown}
 w - a potion of ambrosia {unknown}


   Skills:
 - Level 3.0 Short Blades
 + Level 4.8 Dodging
 + Level 5.3 Stealth
 - Level 4.0 Shields
 + Level 5.0 Spellcasting
 * Level 7.5 Ice Magic


You had 11 spell levels left.
You knew the following spells:

 Your Spells              Type           Power      Damage    Failure   Level
a - Freeze                Ice            100%       1d11      1%          1
b - Frozen Ramparts       Ice            70%        1d9       1%          3
c - Ozocubu's Armour      Ice            35%        N/A       1%          3

Your spell library contained the following spells:

 Spells                   Type           Power      Damage    Failure   Level
 Sandblast                Erth           10%        2d5       12%         1
 Corpse Rot               Necr/Air       10%        N/A       17%         2
 Passwall                 Tmut/Erth      4%         N/A       17%         2
 Sublimation of Blood     Necr           5%         N/A       17%         2
 Wereblood                Tmut           5%         N/A       17%         2
 Hailstorm                Conj/Ice       20%        3d6       24%         4
 Stone Arrow              Conj/Erth      10%        3d7       34%         3
 Swiftness                Air            5%         N/A       34%         3
 Dispel Undead            Necr           5%         3d7       75%         4
 Death Channel            Necr           2%         N/A       100%        6
 Summon Hydra             Summ           2%         N/A       100%        7


Dungeon Overview and Level Annotations

Branches:
Dungeon (6/15)              Sewer (visited)
 Temple: D:4-7

Altars:
Fedhas
Kikubaaqudgha
Qazlal

Shops:
D:6 (=(

Annotations:
D:4 1 runed translucent door, VictorG's ghost, novice TrHu


Innate Abilities, Weirdness & Mutations

You have a pair of small antennae on your head.
You are surrounded by a mild repulsion field. (EV +2)
You sometimes emit foul miasma when damaged in melee.
Spells you cast may paralyse nearby enemies.
You have supernaturally acute eyesight. (SInv)
Your flesh is heat resistant. (rF+)


Message History

The helpless sky beast fails to defend itself.
You impale the sky beast!!
You kill the sky beast!
You freeze the wight.
The wight resists.
The wight is lightly damaged.
Malevolent energies surge around you.
The wight suddenly stops moving!
The helpless wight fails to defend itself.
You impale the wight!!
You destroy the wight!
The wight hits you with a +3 battleaxe.
You freeze the wight.
The wight resists.
The wight is lightly damaged.
Malevolent energies surge around you.
The wight suddenly stops moving!
The wight is no longer paralysed.
The helpless wight fails to defend itself.
You impale the wight!!
You destroy the wight!
You block the wight's attack.
Your Spellcasting skill increases to level 5!
You freeze the wight.
The wight resists.
The wight is lightly damaged.
Malevolent energies surge around you. The wight closely misses you.
You freeze the wight but do no damage.
The wight completely resists.
Malevolent energies surge around you. The wight closely misses you.
You freeze the wight.
The wight resists.
The wight is moderately damaged.
Malevolent energies surge around you.
The wight hits you with a +5 battleaxe of freezing!
You partially resist.
You feel drained. The wight freezes you.
You emit a cloud of foul miasma!
You freeze the wight but do no damage.
The wight completely resists.
Malevolent energies surge around you.
The wight hits you with a +5 battleaxe of freezing!
The wight freezes you.
* * * LOW HITPOINT WARNING * * *
There is a stone staircase leading up here.
The wight hits you with a +5 battleaxe of freezing!
* * * LOW HITPOINT WARNING * * *
The wight freezes you!
You die...

##........##..#.....#
##........#........#
##................#
##...#...........#
##.##.....#.#....
##.........#...)..
##.........#...)...
#..........#...)...
#.@z..............#
#.................#
#..................
###................#.
#....................
#..............<...⌠.
#.....#........#....∩
#.....##.......#...⌠.
##...###............#


You could see a wight.

Vanquished Creatures
  Pikel (D:5)
  Grinder (D:6)
  Eustachio (D:4)
  Edmund (D:5)
  Duvessa (D:6)
  2 ice beasts
  A sky beast (D:6)
  2 ogres (D:6)
  A centaur (D:5)
  A necrophage (D:5)
  A lemure (D:5)
  A kobold brigand (D:5)
  2 scorpions
  Dowan (D:6)
  2 wights (D:6)
  3 bullfrog zombies
  A hound (D:5)
  4 orc priests
  2 iguanas
  3 orc wizards
  A hound zombie (D:5)
  5 gnolls
  A howler monkey skeleton (D:5)
  5 adders
  2 white imps
  2 ufetubi
  An adder skeleton (D:4)
  A worm (D:4)
  3 dart slugs
  7 orcs
  9 endoplasms
  2 giant cockroaches (D:3)
  5 goblins
  5 hobgoblins
  7 jackals
  12 kobolds
  10 quokkas
  9 ball pythons
  6 bats
  6 frilled lizards
  6 rats
137 creatures vanquished.

Vanquished Creatures (others)
  16 plants (Sewer)
16 creatures vanquished.

Grand Total: 153 creatures vanquished

Notes
Turn   | Place    | Note
-------+----------+-------------------------------------------
     0 | D:1      | Anon1729 the Demonspawn Ice Elementalist began the quest
                  | for the Orb.
     0 | D:1      | Reached XP level 1. HP: 13/13 MP: 3/3
   518 | D:1      | Found a faded altar of an unknown god.
   575 | D:1      | Gained mutation: You are surrounded by a mild repulsion
                  | field. (EV +2) [demonic ancestry]
   575 | D:1      | Reached XP level 2. HP: 19/19 MP: 3/5
  1436 | D:1      | Reached skill level 4 in Ice Magic
  1973 | D:2      | Reached XP level 3. HP: 24/24 MP: 4/6
  2838 | D:1      | Learned a level 3 spell: Frozen Ramparts
  3639 | D:3      | Found a glowing drain.
  3646 | D:3      | Gained mutation: Spells you cast may paralyse adjacent
                  | enemies. [demonic ancestry]
  3646 | D:3      | Reached XP level 4. HP: 29/30 MP: 7/7
  3673 | Sewer    | Entered a sewer
  4201 | Sewer    | Reached skill level 1 in Shields
  4655 | Sewer    | Gained mutation: You have supernaturally acute eyesight.
                  | (SInv) [potion of mutation]
  4655 | Sewer    | Gained mutation: Your flesh is heat resistant. (rF+)
                  | [potion of mutation]
  4844 | D:3      | Gained mutation: You may rarely emit foul miasma when
                  | damaged in melee. [demonic ancestry]
  4844 | D:3      | Reached XP level 5. HP: 17/35 MP: 6/9
  5220 | D:3      | Learned a level 3 spell: Ozocubu's Armour
  5811 | D:4      | Reached XP level 6. HP: 26/41 MP: 6/10
  6059 | D:4      | Reached skill level 5 in Ice Magic
  6083 | D:4      | Found a runed translucent door.
  6088 | D:4      | Noticed VictorG's ghost (novice TrHu)
  6092 | D:4      | Noticed Eustachio
  6099 | D:4      | Killed Eustachio
  6343 | D:5      | Entered Level 5 of the Dungeon
  6384 | D:5      | Noticed Edmund
  6403 | D:5      | Killed Edmund
  6404 | D:5      | Reached skill level 1 in Short Blades
  6404 | D:5      | Gained mutation: Spells you cast may paralyse nearby
                  | enemies. [demonic ancestry]
  6404 | D:5      | Reached XP level 7. HP: 23/46 MP: 9/12
  7300 | D:5      | Reached skill level 6 in Ice Magic
  7300 | D:5      | Gained mutation: You have a pair of small antennae on your
                  | head. [demonic ancestry]
  7300 | D:5      | Reached XP level 8. HP: 43/52 MP: 11/13
  7999 | D:6      | Found Wekun's Jewellery Shoppe.
  8044 | D:6      | Found Umuamy's Antique Weapon Boutique.
  8059 | D:6      | Found Gius's Weapon Shoppe.
  8064 | D:6      | Noticed Pikel
  8194 | D:5      | Killed Pikel
  8403 | D:6      | Noticed Dowan
  8403 | D:6      | Noticed Duvessa
  8411 | D:6      | Killed Dowan
  8414 | D:6      | Killed Duvessa
  8415 | D:6      | Reached skill level 7 in Ice Magic
  8643 | D:6      | Gained mutation: You sometimes emit foul miasma when
                  | damaged in melee. [demonic ancestry]
  8643 | D:6      | Reached XP level 9. HP: 56/57 MP: 13/15
  8698 | D:6      | Noticed Grinder
  8713 | D:6      | Killed Grinder
  8714 | D:6      | Reached skill level 5 in Stealth
  9015 | D:6      | Found a blossoming altar of Fedhas.
  9015 | D:6      | Found an ancient bone altar of Kikubaaqudgha.
  9017 | D:6      | Found a stormy altar of Qazlal.
  9024 | D:6      | Reached skill level 5 in Spellcasting
  9058 | D:6      | Slain by a wight

Illustrated notes

Levels and vault maps discovered:
D:1:      dpeg_arrival_lava_temple_mockup, layout_loops_corners,
          shapermc_ecumenical_altar_totnotflames,
          chequers_serial_rivers_micro_e, minmay_tetromino_o2
D:2:      layout_basic, roderic_filled_cross, cheibrodos_gnoll_hut
D:3:      layout_rooms, portal_sewer_entry_f, hangedman_abyss_or_decor_stabs
D:4:      layout_cave_pools, ebering_ghost_sewer_d, mrwooster_statue_mirror,
          uniq_eustachio
D:5:      layout_basic, minmay_fractal_squares_gapless_5, uniq_edmund
D:6:      layout_cave_pools, minitemple, serial_shops, shop_fountains,
          nicolae_shop_bloodbath_and_beyond, nicolae_take_the_stairs,
          uniq_crazy_yiuf_cottage, uniq_pikel, uniq_grinder, uniq_duvessa

Skill      XL: |  1  2  3  4  5  6  7  8  9 |
---------------+----------------------------+-----
Stealth        | 2 3 4 5 |  5.3
Dodging        | 2 3 4 |  4.8
Ice Magic      | 4 5 6 7 |  7.5
Shields        | 1 2 3 4 |  4.0
Spellcasting   | 3 4 5 |  5.0
Short Blades   | 1 2 3 |  3.0

Action                   |  1- 3 |  4- 6 |  7- 9 || total
-------------------------+-------+-------+-------++-------
Melee: Unarmed           |    11 |       |       ||    11
       Dagger            |    67 |   134 |   129 ||   330
 Cast: Freeze            |    37 |    54 |    56 ||   147
       Frozen Ramparts   |     1 |     1 |     1 ||     3
       Ozocubu's Armour  |       |       |     1 ||     1
  Use: Potion            |       |     5 |     2 ||     7
       Scroll            |       |     4 |     3 ||     7
 Stab: Sleeping          |     7 |       |     4 ||    11
       Paralysed         |       |    17 |    27 ||    44
Armor: Robe              |    24 |     9 |    21 ||    54
Dodge: Dodged            |    56 |    64 |    96 ||   216
Block: Buckler           |    13 |    22 |    23 ||    58

Table legend: (Time is in decaauts)
 A = Elapsed time spent in this place.
 B = Non-inter-level travel time spent in this place.
 C = Inter-level travel time spent in this place.
 D = Time resting spent in this place.
 E = Time spent auto-exploring this place.
 F = Levels seen in this place.
 G = Mean time per level.
                   A        B        C        D        E       F      G
               +--------+--------+--------+--------+--------+-----+--------+
         Total |   9227 |   9101 |    126 |    749 |   6876 |   7 | 1318.1 |
       Dungeon |   8042 |   7916 |    126 |    710 |   6126 |   6 | 1340.3 |
         Sewer |   1184 |   1184 |      0 |     39 |    749 |   1 | 1184.0 |
               +--------+--------+--------+--------+--------+-----+--------+

Top non-repeatable levels by time:
     D:1: 1929 daAuts
     D:5: 1698 daAuts
     D:2: 1667 daAuts
   Sewer: 1184 daAuts
     D:4: 1032 daAuts
     D:6: 1013 daAuts
     D:3: 702 daAuts
